 Dungeon Crawl Stone Soup version 0.31-a0-889-g1a8549509d (webtiles) character file.

Game seed: 13279443021795197958

8393 hwolsky the Convoker (level 11, -5/31 (32) HPs) *EXPLORE*
             Began as a Tengu Summoner on Oct 11, 2023.
             Was a Believer of Hepliaklqana.
             Slain by a starcursed mass (6 damage)
             ... on level 5 of the Abyss on Oct 16, 2023.
             The game lasted 00:57:34 (9544 turns).

hwolsky the Convoker (Tengu Summoner)               Turns: 9544, Time: 00:57:38

HP:   -5/31 (32)    AC:  6    Str: -11 (10)XL:     11   Next: 30%
MP:   13/19         EV:  2    Int:  0 (19) God:    Hepliaklqana [**....]
Gold: 326           SH:  0    Dex: -3 (15) Spells: 5/14 levels left

rFire   . . .        (no weapon)
rCold   x x .        (no shield)
rNeg    . . .        a - +0 robe
rPois   .            r - +2 hat of Orarch {Str+5}
rElec   .            f - +2 cloak {rCorr}
rCorr   +            (no gloves)
SInv    .            (boots unavailable)
Will    .....        y - amulet of faith Stlth
                     c - ring of resist corrosion
HPRegen 0.00/turn    o - ring of magical power
MPRegen 0.16/turn

%: random rage (9%), acrobat, faith
@: on berserk cooldown, sick, flying, inhibited regen, slowed, lost strength,
lost intelligence, lost dexterity, lightly drained, unable to read, unable to
drink, very slow
A: reduced essence, beak, talons 3, evasive flight, acrobatic, subdued magic 1,
noise suppression, [berserk 2], [deformed body], [deterioration 2], [frail 3],
[low MP 3], [screaming 2], ([teleportitis 2]), weak 1[+1], [cold vulnerability
2], [inability to drink after injury 2]
a: Renounce Religion, Ancestor Life: Knight, Ancestor Life: Battlemage, Ancestor
Life: Hexer, Recall Ancestor, Ancestor Identity


You were on level 5 of the Abyss.
You worshipped Hepliaklqana.
Hepliaklqana was pleased with you.
You visited 1 branch of the dungeon, and saw 8 of its levels.
You visited the Abyss 1 time.

You collected 326 gold pieces.

Inventory:

Armour
 a - a +0 robe (worn)
 f - a +2 cloak of preservation (worn)
 r - the +2 hat of Orarch (worn) {Str+5}
   (You found it on level 5 of the Dungeon)

   Str+5:     It affects your strength (+5).
 x - a +0 hat
Jewellery
 c - a ring of resist corrosion (left hand)
 d - a ring of protection from cold
 l - an amulet of guardian spirit
 o - a ring of magical power (right hand)
 t - a +6 ring of strength
 y - an amulet of faith (around neck)
 A - a ring of willpower
Wands
 e - a wand of polymorph (5)
 p - a wand of light (5)
 s - a wand of charming (8)
Scrolls
 i - a scroll of identify
 n - a scroll of amnesia
 q - 4 scrolls of immolation
Potions
 b - a potion of magic
 g - 3 potions of curing
 h - 2 potions of degeneration
 j - 3 potions of attraction
 k - a potion of brilliance
 v - a potion of ambrosia {unknown}


   Skills:
 + Level 9.7 Dodging
 + Level 9.7 Stealth
 - Level 2.0 Spellcasting
 * Level 15.1 Summonings


You had 5 spell levels left.
You knew the following spells:

 Your Spells              Type           Power      Damage    Failure   Level
a - Summon Small Mammal   Summ           0%         N/A       1%          1
b - Call Imp              Summ           0%         N/A       1%          2
c - Call Canine Familiar  Summ           0%         N/A       1%          3
d - Summon Guardian Gole  Hex/Summ       0%         N/A       7%          3

Your spell library contained the following spells:

 Spells                   Type           Power      Damage    Failure   Level
 Animate Armour           Summ/Erth      0%         N/A       24%         4
 Summon Lightning Spire   Summ/Air       0%         N/A       24%         4
 Freeze                   Ice            0%         1d3       47%         1
 Blink                    Tloc           0%         N/A       63%         2
 Scorch                   Fire           0%         2d5       63%         2
 Sublimation of Blood     Necr           0%         N/A       63%         2
 Frozen Ramparts          Ice            0%         1d1       86%         3
 Hailstorm                Conj/Ice       0%         3d3       86%         3
 Stone Arrow              Conj/Erth      0%         3d7       86%         3
 Flame Wave               Conj/Fire      0%         2d4       99%         4
 Manifold Assault         Tloc           0%         N/A       99%         4
 Agony                    Necr           0%         N/A       100%        5
 Metabolic Englaciation   Hex/Ice        0%         N/A       100%        5
 Summon Cactus Giant      Summ           0%         N/A       16%         6
 Death Channel            Necr           0%         N/A       100%        6
 Malign Gateway           Summ/Tloc      0%         N/A       100%        7
 Lehudib's Crystal Spear  Conj/Erth      0%         10d2      100%        8
 Summon Horrible Things   Summ           0%         N/A       100%        8


Dungeon Overview and Level Annotations

Branches:
Dungeon (8/15) Zot: 26059  Temple (0/1) D:6
   Lair: D:8-11

Altars:
Cheibriados
Dithmenos
Elyvilon
Hepliaklqana
Nemelex Xobeh
Qazlal
Sif Muna
Uskayaw
Wu Jian

Shops:
D:4 !   D:5 *


Innate Abilities, Weirdness & Mutations

Your life essence is reduced to manifest your ancestor. (-10% HP)
You have a beak for a mouth.
You have claws for feet.
Your magical flight helps you evade attacks. (EV +4)
You can magically evade attacks while moving or waiting.
Your spells are a little easier to cast, but a little less powerful.
You passively dampen the noise of your surroundings.
[You have an uncontrollable temper.]
[Armour fits poorly on your strangely shaped body.]
[Your body often deteriorates upon taking damage.]
[You are extremely frail. (-30% HP)]
[Your magical capacity is extremely low. (-30% MP)]
[You frequently scream uncontrollably at your foes.]
[((You are often teleported next to monsters.))]
[You are very weak. (Str -4)]
[You are very vulnerable to cold. (rC--)]
[You sometimes lose the ability to drink potions when taking damage.]


Message History

The lance of force hits you!!
Ouch! That really hurt!
Thought so.
You are knocked back by the lance of force.
You slam into the rock wall!
Your body deteriorates!
You feel dopey.
You have lost your intelligence.
A cacophony of accursed wailing tears at your sanity!
Ouch! That really hurt!
Thought so.
You shrug off the repeated paralysis!
The raiju bites you. The raiju shocks you!
Your body deteriorates!
You feel weakened. The starcursed mass touches you!
* * * LOW HITPOINT WARNING * * *
Your body deteriorates!
You feel clumsy.
You can drink potions again.
The thrashing horror tramples you.
* * * LOW HITPOINT WARNING * * *
You hold your ground!
The thrashing horror tramples you.
* * * LOW HITPOINT WARNING * * *
You hold your ground!
The thrashing horror tramples you but does no damage.
The thrashing horror tramples you.
* * * LOW HITPOINT WARNING * * *
You hold your ground!
The thrashing horror tramples you!
Thought so.
You hold your ground!
The thrashing horror tramples you.
You hold your ground!
The thrashing horror tramples you.
You hold your ground!
The thrashing horror tramples you.
You hold your ground!
A cacophony of accursed wailing tears at your sanity!
Ouch! That really hurt!
Thought so.
You shrug off the repeated paralysis!
The thrashing horror tramples you.
You hold your ground!
The thrashing horror tramples you but does no damage.
The thrashing horror tramples you!
You hold your ground!
The thrashing horror tramples you but does no damage.
The thrashing horror tramples you.
* * * LOW HITPOINT WARNING * * *
You hold your ground!
The thrashing horror tramples you but does no damage.
The thrashing horror tramples you.
* * * LOW HITPOINT WARNING * * *
Your body deteriorates!
You feel weakened.
You hold your ground!
The thrashing horror tramples you but does no damage.
The wretched star glows turbulently.
The lance of force hits you!
Ouch! That really hurt!
Thought so.
You are knocked back by the lance of force.
You slam into the rock wall!
The raiju bites you.
* * * LOW HITPOINT WARNING * * *
Your body deteriorates!
You feel clumsy. The raiju shocks you!
* * * LOW HITPOINT WARNING * * *
The smoke demon gestures at you. Something smites you!
Thought so.
The thrashing horror tramples you.
You feel threatened and lose the ability to drink potions!
You hold your ground!
The thrashing horror tramples you.
Your body deteriorates!
You feel weakened.
You hold your ground!
The thrashing horror tramples you.
You hold your ground!
The thrashing horror tramples you but does no damage.
The raiju bites you.
Your body deteriorates!
You feel clumsy. The raiju shocks you!
* * * LOW HITPOINT WARNING * * *
The starcursed mass touches you but does no damage.
You can move again.
Unknown command.
Unknown command.
Unknown command.
Unknown command.
Unknown command.
Unknown command.
Unknown command.
Unknown command.
Unknown command.
Unknown command.
Unknown command.
Unknown command.
Unknown command.
Saving game... please wait.
Lua error: /dgldir/rcfiles/crawl-git/hwolsky.rc:430: '' expected near 'end' Welcome back, hwolsky the Tengu Summoner.
Hepliaklqana says: Your past becomes your present!
Press ? for a list of commands and other information.
You hit the thrashing horror but do no damage.
Your kick misses the thrashing horror. Your peck misses the thrashing horror.
The thrashing horror is lightly damaged.
The thrashing horror tramples you!
* * * LOW HITPOINT WARNING * * *
You hold your ground!
The thrashing horror completely misses you.
The thrashing horror tramples you but does no damage.
The thrashing horror tramples you.
* * * LOW HITPOINT WARNING * * *
You hold your ground!
The thrashing horror tramples you but does no damage. x2
The raiju bites you but does no damage. The starcursed mass touches you.
You die... # ## .# . ####h####X##... .XXXtX*XXXXX3..
XhXXXXh@XXXXX.. #########X##### #

You could see 18 starcursed masses, a wretched star, an apocalypse crab, 3 thrashing horrors, a smoke demon and 3 raiju.

Vanquished Creatures
  2 death yaks (D:8)
  A sky beast (D:8)
  A centaur (D:5)
  A wight (D:8)
  An electric eel (D:5)
  Crazy Yiuf (D:3)
  An iron imp (D:3)
  2 orc wizards (D:5)
  A gnoll (D:5)
  3 adders
  2 dart slugs (D:1)
  2 orcs
  2 ball pythons
  3 endoplasms
  2 giant cockroaches
  3 goblins
  2 hobgoblins
  A kobold (D:2)
  A quokka (D:3)
  4 bats
  A frilled lizard (D:1)
  6 rats
43 creatures vanquished.

Vanquished Creatures (collateral kills)
  3 death yaks (D:8)
  A starcursed mass (D:6)
  Maurice (D:8)
  Grinder (D:3)
  A wraith (D:6)
  A steam dragon (D:7)
  A water moccasin (D:5)
  2 orc warriors (D:8)
  2 black bears
  An ice beast (D:7)
  2 ogres
  A centaur (D:7)
  3 phantoms
  Blork the orc (D:4)
  2 bullfrogs (D:7)
  3 wights (D:8)
  3 killer bees (D:8)
  A howler monkey (D:6)
  5 electric eels (D:5)
  A hound (D:6)
  6 orc priests
  A sleepcap (D:5)
  An iguana (D:5)
  6 orc wizards
  Robin (D:3)
  2 gnolls (D:5)
  4 adders
  3 white imps
  An ufetubus (D:5)
  A dart slug (D:1)
  18 orcs
  4 bats
  6 endoplasms
  2 giant cockroaches
  9 goblins
  7 hobgoblins
  4 ball pythons
  2 frilled lizards (D:3)
  5 kobolds
  2 rats
121 creatures vanquished.

Vanquished Creatures (others)
  3 death yaks (D:8)
  2 starcursed masses (D:6)
  A steam dragon (D:8)
  An orc warrior (D:6)
  A wight (D:8)
  A sleepcap (D:6)
  7 ancestors
  2 orc wizards (D:6)
  2 orcs (D:7)
  19 starspawn tentacles (Abyss:4)
39 creatures vanquished.

Grand Total: 203 creatures vanquished

Notes
Turn   | Place    | Note
-------+----------+-------------------------------------------
     0 | D:1      | hwolsky the Tengu Summoner began the quest for the Orb.
     0 | D:1      | Reached XP level 1. HP: 10/10 MP: 4/4
    77 | D:1      | Reached skill level 5 in Summonings
    77 | D:1      | Reached XP level 2. HP: 15/15 MP: 3/6
   327 | D:1      | Learned a level 2 spell: Call Imp
   522 | D:1      | Reached XP level 3. HP: 19/19 MP: 2/7
  1649 | D:2      | Reached XP level 4. HP: 24/24 MP: 6/8
  1747 | D:2      | Found a sparkling altar of Nemelex Xobeh.
  1763 | D:2      | Became a worshipper of Nemelex Xobeh the Trickster
  2038 | D:3      | Found a snail-covered altar of Cheibriados.
  2055 | D:3      | Entered explore mode.
  2070 | D:3      | Reached skill level 6 in Summonings
  2237 | D:3      | Found a stormy altar of Qazlal.
  2256 | D:3      | Noticed Robin
  2265 | D:3      | Killed Robin
  2266 | D:3      | Reached XP level 5. HP: 23/28 MP: 4/9
  2341 | D:3      | Noticed Grinder
  2354 | D:3      | Paralysed by Grinder for 4 turns
  2361 | D:3      | HP: 1/28 [Grinder (2)]
  2362 | D:3      | Paralysed by Grinder for 5 turns
  2363 | D:3      | Killed by nerve-wracking pain
                  | ... invoked by Grinder
                  | (8 damage)
                  | ... while paralysed by Grinder
  2368 | D:3      | Killed Grinder
  2369 | D:3      | Reached skill level 7 in Summonings
  2369 | D:3      | Reached XP level 6. HP: 28/32 MP: 5/10
  2631 | D:3      | Got an antique book
  2636 | D:3      | Learned a level 3 spell: Call Canine Familiar
  2741 | D:3      | Reached * piety under Nemelex Xobeh
  2942 | D:3      | Received a gift from Nemelex Xobeh
  3287 | D:3      | Found a runed translucent door.
  3288 | D:3      | Noticed Crazy Yiuf
  3315 | D:3      | Killed Crazy Yiuf
  3456 | D:4      | Found a hide-covered altar of Uskayaw.
  3519 | D:4      | Found Zoranozy's Distillery.
  3641 | D:4      | Noticed Blork the orc
  3666 | D:4      | HP: 1/32 [Blork the orc/+2 flail of protection (8)]
  3666 | D:4      | Mangled by Blork the orc
                  | ... wielding a +2 flail of protection
                  | (10 damage)
  3668 | D:4      | Killed Blork the orc
  3669 | D:4      | Gained mutation: Your magical flight helps you evade
                  | attacks. (EV +4) [Tengu growth]
  3669 | D:4      | Reached XP level 7. HP: 36/36 MP: 3/11
  3814 | D:4      | Found a white marble altar of Elyvilon.
  3844 | D:4      | Reached skill level 8 in Summonings
  3965 | D:4      | Found a shimmering blue altar of Sif Muna.
  4109 | D:5      | Entered Level 5 of the Dungeon
  4110 | D:5      | Upgraded the game from 0.31-a0-868-g674d60d6f7 to
                  | 0.31-a0-875-g02e7d12df6
  4114 | D:5      | Found Sengesaw's Neck Hole.
  4175 | D:5      | Upgraded the game from 0.31-a0-875-g02e7d12df6 to
                  | 0.31-a0-876-gfe8ebadbca
  4224 | D:5      | HP: 1/36 [poisoned by a water moccasin]
  4225 | D:5      | Succumbed to a water moccasin's poison
  4230 | D:5      | Succumbed to a water moccasin's poison
  4237 | D:5      | Succumbed to a water moccasin's poison
  4238 | D:5      | Reached skill level 5 in Dodging
  4288 | D:5      | Reached skill level 5 in Stealth
  4432 | D:5      | Reached XP level 8. HP: 41/41 MP: 12/12
  4440 | D:5      | Reached skill level 9 in Summonings
  4675 | D:5      | Identified the +2 hat of Orarch {Str+5}
  4979 | D:5      | Killed from afar by an electric eel (12 damage)
                  | ... with a bolt of electricity
  4981 | D:5      | Killed from afar by an electric eel (11 damage)
                  | ... with a bolt of electricity
  4988 | D:5      | Killed from afar by an electric eel (6 damage)
                  | ... with a bolt of electricity
  4991 | D:5      | Killed from afar by an electric eel (12 damage)
                  | ... with a bolt of electricity
  4999 | D:5      | HP: 1/41 [electric eel/bolt of electricity (9)]
  5000 | D:5      | Killed from afar by an electric eel (7 damage)
                  | ... with a bolt of electricity
  5002 | D:5      | Killed from afar by an electric eel (11 damage)
                  | ... with a bolt of electricity
  5093 | D:5      | Killed from afar by an electric eel (14 damage)
                  | ... with a bolt of electricity
  5101 | D:5      | Reached skill level 10 in Summonings
  5101 | D:5      | Killed from afar by an electric eel (8 damage)
                  | ... with a bolt of electricity
  5715 | D:5      | Learned a level 3 spell: Summon Guardian Golem
  5731 | D:6      | Found an ornate altar of the Wu Jian Council.
  5834 | D:6      | Reached ** piety under Nemelex Xobeh
  5848 | D:6      | Found a hazy altar of Hepliaklqana.
  5855 | D:6      | Fell from the grace of Nemelex Xobeh
  5855 | D:6      | Became a worshipper of Hepliaklqana the Forgotten
  5966 | D:6      | Noticed a wraith
  6004 | D:6      | Killed a wraith
  6005 | D:6      | Reached XP level 9. HP: 45/45 MP: 11/13
  6114 | D:6      | Found a staircase to the Ecumenical Temple.
  6136 | D:6      | HP: 1/45 [themself (12)]
  6137 | D:6      | Reached skill level 11 in Summonings
  6141 | D:6      | Slain by an orc wizard
                  | ... wielding a +0 dagger
                  | (3 damage)
  6570 | D:6      | Noticed a starcursed mass
  6586 | D:6      | Killed from afar by a starcursed mass (8 damage)
                  | ... with an accursed screaming
                  | ... created by the touch of Lugonu
  6611 | D:6      | Killed a starcursed mass
  6622 | D:6      | HP: 2/43 [starcursed mass/accursed screaming[the touch of
                  | Lugonu] (8)]
  6623 | D:6      | Killed a starcursed mass
  6623 | D:6      | Killed a starcursed mass
  7430 | D:7      | Reached * piety under Hepliaklqana
  7985 | D:7      | Found a shadowy altar of Dithmenos.
  8143 | D:8      | Reached skill level 12 in Summonings
  8206 | D:8      | HP: 2/40 [orc warrior/+0 scimitar (6)]
  8365 | D:8      | Reached XP level 10. HP: 15/45 MP: 14/14
  8513 | D:8      | Noticed a death yak
  8519 | D:8      | Noticed a death yak
  8523 | D:8      | Noticed a death yak
  8525 | D:8      | Noticed a death yak
  8527 | D:8      | Noticed a death yak
  8527 | D:8      | Noticed a death yak
  8527 | D:8      | Noticed a death yak
  8529 | D:8      | Noticed Maurice
  8530 | D:8      | Noticed a death yak
  8537 | D:8      | Killed a death yak
  8538 | D:8      | Reached skill level 13 in Summonings
  8539 | D:8      | Killed a death yak
  8540 | D:8      | Killed a death yak
  8560 | D:8      | Killed by an exploding themself (32 damage)
                  | ... ignited by their inner flame
  8560 | D:8      | Killed a death yak
  8580 | D:8      | Slain by a death yak (9 damage)
  8585 | D:8      | Mangled by a death yak (24 damage)
  8588 | D:8      | Slain by a death yak (22 damage)
  8589 | D:8      | Mangled by a death yak (25 damage)
  8591 | D:8      | Killed a death yak
  8592 | D:8      | Reached skill level 14 in Summonings
  8593 | D:8      | Maurice stole 316 gold
  8595 | D:8      | Something stole a ring of willpower
  8595 | D:8      | Demolished by a death yak (21 damage)
  8604 | D:8      | Mangled by a death yak (11 damage)
  8614 | D:8      | Mangled by a death yak (18 damage)
  8618 | D:8      | Mangled by a death yak (20 damage)
  8623 | D:8      | Slain by a death yak (13 damage)
  8624 | D:8      | Mangled by a death yak (13 damage)
  8626 | D:8      | Mangled by a death yak (19 damage)
  8627 | D:8      | Mangled by a death yak (22 damage)
  8630 | D:8      | Mangled by a death yak (16 damage)
  8632 | D:8      | Mangled by a death yak (18 damage)
  8634 | D:8      | Demolished by a death yak (22 damage)
  8636 | D:8      | HP: 2/45 [death yak (1)]
  8637 | D:8      | Mangled by a death yak (14 damage)
  8639 | D:8      | Mangled by a death yak (20 damage)
  8642 | D:8      | Slain by Maurice
                  | ... wielding a +0 scimitar
                  | (8 damage)
  8646 | D:8      | Mangled by a death yak (24 damage)
  8653 | D:8      | Mangled by a death yak (19 damage)
  8656 | D:8      | Mangled by a death yak (20 damage)
  8659 | D:8      | Slain by a death yak (14 damage)
  8662 | D:8      | HP: 2/45 [death yak (21)]
  8665 | D:8      | Slain by a death yak (3 damage)
  8667 | D:8      | Slain by a death yak (26 damage)
  8671 | D:8      | Slain by a death yak (15 damage)
  8681 | D:8      | Killed a death yak
  8682 | D:8      | Reached XP level 11. HP: 8/48 MP: 15/15
  8684 | D:8      | Slain by a death yak (12 damage)
  8685 | D:8      | HP: 1/48 [death yak (25)]
  8687 | D:8      | Slain by a death yak (3 damage)
  8705 | D:8      | Killed a death yak
  8707 | D:8      | Killed a death yak
  8724 | D:8      | Killed Maurice
  8725 | D:8      | Reached skill level 15 in Summonings
  9025 | D:8      | Noticed a deep elf knight
  9025 | D:8      | Noticed a deep elf archer
  9025 | D:8      | Noticed a deep elf archer
  9025 | D:8      | Noticed a deep elf zephyrmancer
  9025 | D:8      | Noticed a deep elf sorcerer
  9030 | D:8      | Killed from afar by a deep elf knight (28 damage)
                  | ... with a lance of force
                  | ... created by the fury of Okawaru
  9034 | D:8      | Killed from afar by a deep elf zephyrmancer (19 damage)
                  | ... with a bolt of lightning
                  | ... created by the fury of Okawaru
  9034 | D:8      | HP: 2/48 [orc priest/divine providence[the fury of Okawaru]
                  | (15)]
  9035 | D:8      | Mangled by a deep elf knight
                  | ... wielding a +0 short sword
                  | ... created by the fury of Okawaru
                  | (14 damage)
  9038 | D:8      | Slain by a deep elf sorcerer
                  | ... wielding a +0 rapier
                  | ... created by the fury of Okawaru
                  | (2 damage)
  9041 | D:8      | Collided with a rock wall (14 damage)
                  | ... caused by a deep elf knight
                  | ... created by the fury of Okawaru
  9043 | D:8      | Slain by a deep elf knight
                  | ... wielding a +0 short sword
                  | ... created by the fury of Okawaru
                  | (9 damage)
  9046 | D:8      | Slain by a deep elf sorcerer
                  | ... wielding a +0 rapier
                  | ... created by the fury of Okawaru
                  | (10 damage)
  9049 | D:8      | Gained mutation: Your spells are a little easier to cast,
                  | but a little less powerful. [potion of mutation]
  9049 | D:8      | Gained mutation: You passively dampen the noise of your
                  | surroundings. [potion of mutation]
  9049 | D:8      | Gained mutation: [You are weak. (Str -2)] [potion of
                  | mutation]
  9049 | D:8      | Slain by a deep elf knight
                  | ... wielding a +0 short sword
                  | ... created by the fury of Okawaru
                  | (10 damage)
  9050 | D:8      | Killed from afar by a deep elf knight (24 damage)
                  | ... with a lance of force
                  | ... created by the fury of Okawaru
  9051 | D:8      | HP: 1/48 [something (10)]
  9051 | Abyss:3  | Cast into level 3 of the Abyss (a deep elf sorcerer)
  9079 | Abyss:3  | Noticed a starcursed mass
  9097 | Abyss:3  | Killed from afar by a starcursed mass (9 damage)
                  | ... with an accursed screaming
  9107 | Abyss:3  | Slain by a starcursed mass (11 damage)
  9143 | Abyss:3  | Killed from afar by a raiju (26 damage)
                  | ... with a living lightning
  9153 | Abyss:3  | Found a corrupted altar of Lugonu.
  9153 | Abyss:3  | Noticed a thrashing horror
  9153 | Abyss:3  | Noticed a thrashing horror
  9153 | Abyss:3  | Noticed a thrashing horror
  9163 | Abyss:3  | HP: 2/48 [thrashing horror (1)]
  9172 | Abyss:3  | Noticed a sun demon
  9177 | Abyss:3  | Mangled by a sun demon (18 damage)
  9179 | Abyss:3  | Noticed a deep elf elementalist
  9179 | Abyss:3  | Noticed a wretched star
  9180 | Abyss:3  | Reached ** piety under Hepliaklqana
  9180 | Abyss:3  | Noticed a wretched star
  9181 | Abyss:3  | Slain by a sun demon (15 damage)
  9214 | Abyss:3  | HP: 1/48 [raiju (6)]
  9214 | Abyss:3  | Mangled by a raiju (8 damage)
  9214 | Abyss:3  | Slain by a raiju (7 damage)
  9216 | Abyss:3  | Found a corrupted altar of Lugonu.
  9226 | Abyss:4  | Found a corrupted altar of Lugonu.
  9268 | Abyss:4  | Noticed a tentacled starspawn
  9273 | Abyss:4  | Noticed a wretched star
  9280 | Abyss:4  | Noticed a bone dragon
  9281 | Abyss:4  | Noticed a rakshasa
  9292 | Abyss:4  | Noticed a tentacled starspawn
  9301 | Abyss:4  | a tarantella changed into a swamp dragon
  9301 | Abyss:4  | Noticed a swamp dragon (shapeshifter)
  9314 | Abyss:4  | Noticed a tentacled starspawn
  9318 | Abyss:4  | Noticed a blizzard demon
  9336 | Abyss:4  | Noticed a starcursed mass
  9345 | Abyss:4  | Noticed a starcursed mass
  9352 | Abyss:4  | Noticed a wretched star
  9354 | Abyss:4  | Noticed a sixfirhy
  9362 | Abyss:4  | Noticed a tentacled starspawn
  9363 | Abyss:4  | Slain by a sixfirhy (12 damage)
  9365 | Abyss:4  | Noticed a walking frostbound tome
  9438 | Abyss:5  | Noticed a wretched star
  9449 | Abyss:5  | Killed from afar by a wretched star (30 damage)
                  | ... with a lance of force
  9468 | Abyss:5  | HP: 1/48 [rock wall collision (17)]
  9486 | Abyss:5  | Mangled by an apocalypse crab (8 damage)
  9497 | Abyss:5  | Noticed a thrashing horror
  9497 | Abyss:5  | Noticed a thrashing horror
  9497 | Abyss:5  | Noticed a starcursed mass
  9498 | Abyss:5  | Killed from afar by a wretched star (10 damage)
                  | ... with a lance of force
  9498 | Abyss:5  | Killed by divine providence
                  | ... invoked by a smoke demon
                  | (15 damage)
  9499 | Abyss:5  | Noticed a thrashing horror
  9500 | Abyss:5  | Noticed a starcursed mass
  9502 | Abyss:5  | Killed from afar by a raiju (14 damage)
                  | ... with a living lightning
  9504 | Abyss:5  | Killed from afar by a wretched star (31 damage)
                  | ... with a lance of force
  9505 | Abyss:5  | Mangled by a thrashing horror (13 damage)
  9508 | Abyss:5  | HP: 1/32 [apocalypse crab (1)]
  9508 | Abyss:5  | Killed by divine providence
                  | ... invoked by a smoke demon
                  | (17 damage)
  9509 | Abyss:5  | Paralysed by accursed screaming for 2 turns
  9510 | Abyss:5  | Slain by a thrashing horror (7 damage)
                  | ... while paralysed by accursed screaming
  9510 | Abyss:5  | Slain by a raiju (9 damage)
                  | ... while paralysed by accursed screaming
  9512 | Abyss:5  | Killed from afar by a starcursed mass (26 damage)
                  | ... with an accursed screaming
  9514 | Abyss:5  | Slain by a thrashing horror (12 damage)
  9516 | Abyss:5  | Slain by an apocalypse crab (5 damage)
  9516 | Abyss:5  | HP: 1/31 [raiju (3)]
  9516 | Abyss:5  | Mangled by a raiju (8 damage)
  9517 | Abyss:5  | Slain by an apocalypse crab (9 damage)
  9517 | Abyss:5  | Paralysed by accursed screaming for 2 turns
  9518 | Abyss:5  | Slain by an apocalypse crab (6 damage)
                  | ... while paralysed by accursed screaming
  9518 | Abyss:5  | Collided with a rock wall (13 damage)
                  | ... caused by a wretched star
                  | ... while paralysed by accursed screaming
  9518 | Abyss:5  | Killed from afar by a raiju (17 damage)
                  | ... with a living lightning
                  | ... while paralysed by accursed screaming
  9520 | Abyss:5  | Collided with a rock wall (14 damage)
                  | ... caused by a wretched star
  9520 | Abyss:5  | Paralysed by accursed screaming for 2 turns
  9520 | Abyss:5  | Mangled by an apocalypse crab (11 damage)
                  | ... while paralysed by accursed screaming
  9521 | Abyss:5  | Lost strength.
  9521 | Abyss:5  | Slain by a raiju (9 damage)
                  | ... while paralysed by accursed screaming
  9522 | Abyss:5  | Slain by an apocalypse crab (9 damage)
                  | ... while paralysed by accursed screaming
  9523 | Abyss:5  | HP: 1/46 [apocalypse crab (8)]
  9523 | Abyss:5  | Slain by a thrashing horror (5 damage)
                  | ... while paralysed by accursed screaming
  9525 | Abyss:5  | Slain by a starcursed mass (13 damage)
                  | ... while paralysed by accursed screaming
  9527 | Abyss:5  | Mangled by a thrashing horror (14 damage)
  9528 | Abyss:5  | Mangled by a thrashing horror (13 damage)
  9529 | Abyss:5  | HP: 2/46 [thrashing horror (4)]
  9529 | Abyss:5  | Killed from afar by a starcursed mass (15 damage)
                  | ... with an accursed screaming
  9532 | Abyss:5  | Mangled by a thrashing horror (12 damage)
  9532 | Abyss:5  | Killed from afar by a wretched star (27 damage)
                  | ... with a lance of force
  9532 | Abyss:5  | Killed from afar by a starcursed mass (19 damage)
                  | ... with an accursed screaming
  9532 | Abyss:5  | Paralysed by accursed screaming for 2 turns
  9533 | Abyss:5  | Mangled by a thrashing horror (14 damage)
                  | ... while paralysed by accursed screaming
  9533 | Abyss:5  | Slain by a raiju (5 damage)
                  | ... while paralysed by accursed screaming
  9535 | Abyss:5  | Slain by a thrashing horror (7 damage)
  9536 | Abyss:5  | HP: 1/31 [thrashing horror (5)]
  9536 | Abyss:5  | Slain by a thrashing horror (3 damage)
  9536 | Abyss:5  | Slain by a thrashing horror (12 damage)
  9536 | Abyss:5  | Killed from afar by a starcursed mass (26 damage)
                  | ... with an accursed screaming
  9537 | Abyss:5  | Killed from afar by a starcursed mass (27 damage)
                  | ... with an accursed screaming
  9537 | Abyss:5  | Paralysed by accursed screaming for 2 turns
  9538 | Abyss:5  | Mangled by a thrashing horror (8 damage)
                  | ... while paralysed by accursed screaming
  9538 | Abyss:5  | Lost dexterity.
  9538 | Abyss:5  | Killed from afar by a wretched star (30 damage)
                  | ... with a lance of force
                  | ... while paralysed by accursed screaming
  9538 | Abyss:5  | Killed from afar by a starcursed mass (11 damage)
                  | ... with an accursed screaming
                  | ... while paralysed by accursed screaming
  9539 | Abyss:5  | Killed from afar by a wretched star (27 damage)
                  | ... with a lance of force
                  | ... while paralysed by accursed screaming
  9540 | Abyss:5  | Slain by a thrashing horror (5 damage)
                  | ... while paralysed by accursed screaming
  9540 | Abyss:5  | Killed from afar by a wretched star (29 damage)
                  | ... with a lance of force
                  | ... while paralysed by accursed screaming
  9540 | Abyss:5  | Lost intelligence.
  9540 | Abyss:5  | Killed from afar by a starcursed mass (24 damage)
                  | ... with an accursed screaming
                  | ... while paralysed by accursed screaming
  9541 | Abyss:5  | Mangled by a thrashing horror (12 damage)
                  | ... while paralysed by accursed screaming
  9541 | Abyss:5  | Killed from afar by a starcursed mass (26 damage)
                  | ... with an accursed screaming
                  | ... while paralysed by accursed screaming
  9542 | Abyss:5  | Killed from afar by a wretched star (16 damage)
                  | ... with a lance of force
                  | ... while paralysed by accursed screaming
  9542 | Abyss:5  | Killed by divine providence
                  | ... invoked by a smoke demon
                  | (13 damage)
                  | ... while paralysed by accursed screaming
  9544 | Abyss:5  | Upgraded the game from 0.31-a0-876-gfe8ebadbca to
                  | 0.31-a0-889-g1a8549509d
  9544 | Abyss:5  | HP: 1/31 [thrashing horror (1)]
  9544 | Abyss:5  | Slain by a starcursed mass

Illustrated notes

Levels and vault maps discovered:
D:1:      dpeg_arrival_round_b, layout_basic, chequers_jeans
D:2:      layout_loops_ring, basic_altar
D:3:      layout_loops_corners, lemuel_crystal_altar, slow_altar_1,
          uniq_grinder, uniq_crazy_yiuf_cottage, uniq_robin
D:4:      layout_rooms, mainiacjoe_overflow_small_starburst,
          eat_drink_and_be_merry_uskayaw, overflow_temple_1_default,
          serial_shops, nicolae_square_shop, uniq_blork_the_orc
D:5:      cheibrodos_two_vegetables, layout_basic,
          nicolae_shop_sticking_my_neck_out
D:6:      layout_basic, general_overflow_altar, lemuel_crystal_altar,
          minmay_temple_entry_ruins
D:7:      layout_basic, grunt_dithmenos_shadows
D:8:      layout_basic, kennysheep_okawaru_gauntlet, dpeg_lair_monsters,
          uniq_maurice
Abyss:5:  base: D:2, evilmike_abyss_exit_vortex,
          evilmike_nicolae_abyss_rune_betentacled_crabyss, minivault_24,
          evilmike_nicolae_abyss_rune_betentacled_crabyss, minivault_24,
          minivault_24, evilmike_abyss_exit_9, hangedman_decor_peaks_small,
          bh_abyss_negative, dshaligram_kb_abyss_rune_zappy_water_cross, base:
D:2

Skill      XL: |  1  2  3  4  5  6  7  8  9 10 11 |
---------------+----------------------------------+-----
Summonings     | 5 6 7 8 10 12 14 15 | 15.1
Dodging        | 3 4 5 6 7 9 |  9.7
Stealth        | 3 4 5 6 7 9 |  9.7
Spellcasting   | |  2.0

Action                     |  1- 3 |  4- 6 |  7- 9 | 10-12 || total
---------------------------+-------+-------+-------+-------++-------
  Melee: Unarmed           |    64 |    54 |   125 |   122 ||   365
         Kick              |    18 |    13 |    35 |    40 ||   106
         Peck              |    11 |     8 |    22 |    33 ||    74
         Punch             |     1 |     2 |     1 |     2 ||     6
   Cast: Summon Small Mamm |    21 |    16 |    14 |     6 ||    57
         Call Imp          |    21 |    25 |    48 |    10 ||   104
         Call Canine Famil |       |     3 |    38 |    12 ||    53
         Summon Guardian G |       |       |    18 |     8 ||    26
 Invoke: Draw Escape       |       |       |     1 |       ||     1
         Draw Summoning    |       |       |     3 |       ||     3
  Evoke: Wand              |       |       |     2 |       ||     2
    Use: Scroll            |     6 |     4 |     3 |     2 ||    15
         Potion            |       |       |       |     4 ||     4
   Stab: Sleeping          |     1 |       |       |       ||     1
         Distracted        |     1 |     1 |     1 |     1 ||     4
 Armour: Robe              |    29 |    28 |   161 |   473 ||   691
  Dodge: Dodged            |    61 |    41 |   206 |   606 ||   914

Table legend: (Time is in decaauts)
 A = Elapsed time spent in this place.
 B = Non-inter-level travel time spent in this place.
 C = Inter-level travel time spent in this place.
 D = Time resting spent in this place.
 E = Time spent auto-exploring this place.
 F = Levels seen in this place.
 G = Mean time per level.
                   A        B        C        D        E       F      G
               +--------+--------+--------+--------+--------+-----+--------+
         Total |   9560 |   9276 |    284 |      0 |   6373 |  11 |  869.1 |
       Dungeon |   9048 |   8764 |    284 |      0 |   6373 |   8 | 1131.0 |
         Abyss |    511 |    511 |      0 |      0 |      0 |   3 |  170.3 |
               +--------+--------+--------+--------+--------+-----+--------+

Top non-repeatable levels by time:
     D:5: 1621 daAuts
     D:6: 1578 daAuts
     D:3: 1434 daAuts
     D:1: 1009 daAuts
     D:2: 989 daAuts
     D:8: 939 daAuts
     D:7: 802 daAuts
     D:4: 672 daAuts
 Abyss:3: 185 daAuts
 Abyss:4: 169 daAuts
 Abyss:5: 156 daAuts
